AoeStats
← xlalox corona

Golden Pit

507221766Analyzed
1v1 RM · 14d ago on Sep 17, 2026· 58m 6s· 2 players
Game mode
Random Map
Map size
Tiny (2 player)
Population
200
Speed
Normal
Resources
Standard
Victory
Conquest
Starting age
Dark Age
Ending age
Imperial Age
RankedLock teamsTeams togetherTeam positionsShared explorationLock speedFull tech treeHidden civsTurbo modeCheats
Victory
Defeat
🇹🇼 Cumans · Taiwan
1709
+16
🇲🇽 Dravidians · Mexico
1706
-16
xlalox corona
6:31 Loom
8:58 Feudal Age
10:09 Double-Bit Axe
18:26 Fletching
29:42 Castle Age
28:19 Padded Archer Armor
28:55 Gold Mining
29:57 Crossbowman
30:34 Bodkin Arrow
31:32 Leather Archer Armor
msntt951753
5:49 Loom
8:28 Feudal Age
30:27 Castle Age
28:50 Fletching
28:58 Double-Bit Axe
30:39 Wheelbarrow
49:27 Imperial Age
49:56 Bodkin Arrow
53:44 Hand Cart
53:35 Padded Archer Armor
54:28 Bow Saw
56:16 Leather Archer Armor
57:58 Gold Mining
Connection lost

Rejoining the realm…

Still unreachable

The connection could not be restored.

Session expired

The server has moved on; the page needs a fresh start.